 Dungeon Crawl Stone Soup version 0.30-a0-125-g51eefa89be (webtiles) character file.

Game seed: 4452496932395462393

13933 jlumianski the Carver (level 12, -2/74 HPs)
             Began as a Gargoyle Gladiator on Sept 18, 2022.
             Was a Priest of Qazlal.
             Slain by an eight-headed hydra simulacrum (45 damage)
             ... in a Gauntlet.
             The game lasted 01:11:42 (11395 turns).

jlumianski the Carver (Gargoyle Gladiator)         Turns: 11395, Time: 01:11:42

Health: -2/74      AC: 27    Str: 22    XL:     12   Next: 11%
Magic:  14/14      EV:  7    Int: 10    God:    Qazlal [***...]
Gold:   771        SH: 14    Dex: 17    Spells: 11/11 levels left

rFire   . . .      SeeInvis .    K - +9 sword of Zonguldrok {reap}
rCold   x . .      Faith    .    j - +0 kite shield
rNeg    + . .      Spirit   .    M - +0 plate armour
rPois   ∞          Reflect  .    c - +1 helmet
rElec   +          Harm     .    L - +0 cloak
rCorr   +          Rampage  .    i - +0 pair of gloves
Will    .....      NoTele   +    (no boots)
Stlth   ..........               g - amulet of regeneration
HPRegen 1.02/turn                N - ring "Oclase" {rC- rCorr Dex+6}
MPRegen 0.14/turn                (no ring)

@: studying Spellcasting
A: sickness immunity, AC +8, negative energy resistance 1, electricity
resistance, torment resistance 1, petrification resistance
a: Renounce Religion, Upheaval, Elemental Force


You were in a Gauntlet.
You worshipped Qazlal.
Qazlal was most pleased with you.
You visited 2 branches of the dungeon, and saw 12 of its levels.
You also visited: Sewer, Bailey and Gauntlet.

You collected 771 gold pieces.

Inventory:

Hand Weapons
 H - a +4 spectral quarterstaff
 K - the +9 sword of Zonguldrok (weapon) {reap}
   (You found it on level 6 of the Dungeon)

   Any living foe damaged by it may be reanimated upon death as a zombie
   friendly to the wielder, with an increasing chance as more damage is dealt.
Missiles
 d - 4 throwing nets
 e - 3 javelins
 s - 10 boomerangs (quivered)
 y - 37 poisoned darts
 B - 16 silver boomerangs
 D - 3 curare-tipped darts
Armour
 c - a +1 helmet (worn)
 i - a +0 pair of gloves (worn)
 j - a +0 kite shield (worn)
 L - a +0 cloak (worn)
 M - a +0 plate armour (worn)
Jewellery
 a - a ring of resist corrosion
 g - an amulet of regeneration (around neck)
 m - a ring of ice
 n - a ring of ice
 t - the ring of the Duchess {rElec rF+ rN++ rCorr SInv}
   (You found it in a Gauntlet)

   [ring of resist corrosion]

   rF:        It protects you from fire.
   rElec:     It insulates you from electricity.
   rN:        It greatly protects you from negative energy.
   SInv:      It lets you see invisible.
   rCorr:     It protects you from acid and corrosion.
 N - the ring "Oclase" (left hand) {rC- rCorr Dex+6}
   (You found it on level 6 of the Dungeon)

   [ring of resist corrosion]

   Dex:       It affects your dexterity (+6).
   rC:        It makes you vulnerable to cold.
   rCorr:     It protects you from acid and corrosion.
Wands
 u - a wand of iceblast (11)
 J - a wand of quicksilver (25)
 Q - a wand of flame (13)
 U - a wand of charming (7)
Scrolls
 k - 8 scrolls of teleportation
 l - a scroll of brand weapon {unknown}
 q - a scroll of vulnerability {unknown}
 z - a scroll of magic mapping
 E - a scroll of fear
 G - 3 scrolls of butterflies
 Y - a scroll of silence {unknown}
Potions
 b - a potion of resistance
 f - 4 potions of curing
 h - a potion of might
 o - 3 potions of heal wounds
 p - a potion of berserk rage
 r - 4 potions of haste
 v - 3 potions of lignification
 w - 2 potions of flight
 O - a potion of ambrosia
 W - a potion of invisibility {unknown}


   Skills:
 + Level 8.2 Fighting
 * Level 10.9 Long Blades
 - Level 6.7 Axes
 - Level 4.2 Staves
 + Level 2.2 Throwing
 + Level 8.3 Armour
 + Level 5.0 Dodging
 + Level 1.3 Stealth
 + Level 4.6 Shields
 + Level 3.6 Invocations
 + Level 3.0 Evocations


You had 11 spell levels left.
You didn't know any spells.
Your spell library contained the following spells:

 Spells                   Type           Power      Damage    Failure   Level
 Slow                     Hex            0%         N/A       100%        1
 Static Discharge         Conj/Air       0%         2-2/arc   100%        2
 Wereblood                Tmut           0%         N/A       100%        2
 Confusing Touch          Hex            0%         N/A       100%        3
 Gell's Gravitas          Tloc           0%         N/A       100%        3
 Teleport Other           Tloc           0%         N/A       100%        3
 Vampiric Draining        Necr           0%         2d6       100%        3
 Dispel Undead            Necr           0%         3d6       100%        4
 Hailstorm                Conj/Ice       0%         3d3       100%        4
 Ice Form                 Ice/Tmut       0%         N/A       100%        4
 Passage of Golubria      Tloc           0%         N/A       100%        4
 Sticky Flame             Conj/Fire      0%         2d3       100%        4
 Silence                  Hex/Air        0%         N/A       100%        5
 Dispersal                Tloc           0%         N/A       100%        6
 Simulacrum               Ice/Necr       0%         N/A       100%        6
 Summon Hydra             Summ           0%         N/A       100%        7
 Lehudib's Crystal Spear  Conj/Erth      0%         10d2      100%        8
 Sublimation of Blood     Necr           Unusable   N/A       N/A         2

Dungeon Overview and Level Annotations

Branches:
Dungeon (11/15)            Temple (1/1) D:5            Lair (0/5) D:11
    Orc (0/2) D:11          Sewer (visited)          Bailey (visited)
Gauntlet (1/1)

Altars:
Ashenzari
Cheibriados
Dithmenos
Elyvilon
Fedhas
Gozag
Hepliaklqana
Kikubaaqudgha
Makhleb
Nemelex Xobeh
Okawaru
Qazlal
Ru
Sif Muna
Trog
Uskayaw
Vehumet
Wu Jian
Xom
Yredelemnul
Zin
The Shining One

Shops:
D:5 (

Annotations:
Gauntlet 7 transporters


Innate Abilities, Weirdness & Mutations

You are immune to sickness and miasma.
Your stone body is resilient. (AC +8)
You are immune to poison.
You resist negative energy. (rN+)
You are resistant to electric shocks. (rElec)
You are resistant to unholy torment.
You are immune to petrification.


Message History

The centaur warrior simulacrum kicks you but does no damage.
The centaur warrior simulacrum hits you.
The centaur warrior simulacrum freezes you!!
You feel a terrible chill!
The centaur warrior simulacrum closely misses you.
You slash the centaur warrior simulacrum!
The centaur warrior simulacrum is moderately damaged.
The deep troll changes into a shining eye!
The centaur warrior simulacrum hits you but does no damage.
You block the centaur warrior simulacrum's attack.
Your eight-headed hydra simulacrum bites the boggart simulacrum!
Your eight-headed hydra simulacrum freezes the boggart simulacrum.
The boggart simulacrum completely resists.
Your eight-headed hydra simulacrum bites the boggart simulacrum!
The boggart simulacrum vaporises!
Qazlal accepts your kill.
You slash the centaur warrior simulacrum!
The centaur warrior simulacrum is severely damaged.
The centaur warrior simulacrum hits you but does no damage.
The centaur warrior simulacrum kicks you but does no damage.
The wizard mumbles some strange words.
The wizard shimmers violently.
You block the centaur warrior simulacrum's attack.
The centaur warrior simulacrum kicks you but does no damage.
You slash the centaur warrior simulacrum!
The centaur warrior simulacrum vaporises!
Qazlal accepts your kill.
You swap places.
The white imp spits at you.
The eight-headed hydra simulacrum is no longer charmed.
The shadow imp shouts, "Scamper home, thou foppish miscreant flirt-gill!"
The shadow imp grins evilly.
The shadow imp lashes its tail.
The shadow imp grins evilly.
You see here the ring of the Duchess {rElec rF+ rN++ rCorr SInv}.
t - the ring of the Duchess {rElec rF+ rN++ rCorr SInv} The eight-headed hydra simulacrum bites you!
The eight-headed hydra simulacrum freezes you!!!
You feel a terrible chill!
Ouch! That really hurt!
You die...

.©.#©#©.©###.©##©#.## ⌠.#
P.P.:#.⌠.##5.##."#..##....
.#.#T#...#55##./$#...#.⌠.#
....G#.⌠.#p55.p..#.∩.#...#
######...#########...#.©.#
.....#.⌠.....#.....⌠.#....
######...#########...#.©.#
#....#.⌠.#.....Z.#.∩.#...#
##..##...#..#.#°@#...#.⌠.#
.#.###.⌠.#..#.#.?#..##....
#.##©#©.©#..#©#.©#.## ⌠.#
.#..)#####..#.#.:#.≈## .#
.##..#...#..#.#..#.≈≈#
.©##.#.⌠.#.......#.≈##
######...#########.##
...................≈#
≈#≈≈≈#≈≈≈#≈≈≈#≈≈≈#≈≈≈#


You could see 2 wizards, a white imp, 4 shadow imps and an eight-headed hydra
simulacrum.

Vanquished Creatures
  A two-headed ogre (D:10)
  Pikel (D:5)
  A mana viper (shapeshifter) (Gauntlet)
  A worldbinder (Gauntlet)
  Joseph (D:7)
  An unseen horror (D:11)
  A hornet (D:8)
  Sigmund (D:2)
  A centaur simulacrum (Gauntlet)
  A shadow (D:10)
  12 yaks
  2 steam dragons
  2 wargs (D:11)
  2 water moccasins
  An acid dragon (D:9)
  Duvessa (D:7)
  A sky beast (D:6)
  A hornet zombie (D:8)
  An ice beast (D:5)
  3 orc warriors (D:8)
  An ogre (D:4)
  A boggart (Gauntlet)
  A lemure (D:5)
  3 centaurs
  A phantom (D:4)
  Blork the orc (D:4)
  6 bullfrogs
  3 necrophages
  4 kobold brigands
  4 scorpions
  A warg zombie (D:11)
  Dowan (D:7)
  8 yak zombies
  8 killer bees
  4 howler monkeys
  2 centaur zombies
  A bullfrog zombie (D:8)
  A quasit (D:5)
  Crazy Yiuf (D:7)
  9 orc priests
  2 jellies
  5 iguanas
  12 orc wizards
  2 killer bee zombies (D:8)
  Robin (D:3)
  8 river rats (Sewer)
  A steam dragon zombie (D:10)
  11 adders
  6 shadow imps (D:5)
  7 ufetubi
  3 adder zombies
  3 worms
  51 orcs
  13 ball pythons
  3 endoplasms
  5 giant cockroaches
  22 goblins
  19 hobgoblins
  5 jackals
  2 quokkas
  3 ball python zombies (D:8)
  5 bats
  3 frilled lizards
  A goblin zombie (D:4)
  A jackal zombie (D:8)
  28 kobolds
  3 kobold zombies (D:9)
  22 orc zombies
  25 rats
369 creatures vanquished.

Vanquished Creatures (collateral kills)
  An unseen horror (D:10)
  4 yaks
  2 oklob saplings (D:8)
  A killer bee (D:8)
  A boggart simulacrum (Gauntlet)
  An adder (D:8)
  2 orcs
  3 ball pythons (D:8)
  2 goblins (D:9)
  A jackal (D:8)
18 creatures vanquished.

Vanquished Creatures (others)
  2 water moccasin zombies
  A yak zombie (D:8)
  2 bullfrog zombies
  A scorpion zombie (D:6)
  A boggart zombie (Gauntlet)
  2 kobold zombies (D:9)
  A howler monkey zombie (D:7)
  An elf zombie (D:7)
  17 orc zombies
  A fungus (D:5)
  19 plants
48 creatures vanquished.

Grand Total: 435 creatures vanquished

Notes
Turn   | Place    | Note
-------+----------+-------------------------------------------
     0 | D:1      | jlumianski the Gargoyle Gladiator began the quest for the
                  | Orb.
     0 | D:1      | Reached XP level 1. HP: 12/12 MP: 1/1
   230 | D:1      | Reached XP level 2. HP: 17/17 MP: 2/2
   834 | D:1      | Reached XP level 3. HP: 22/22 MP: 3/3
   928 | D:1      | Reached skill level 1 in Armour
  1434 | D:2      | Found a faded altar of an unknown god.
  1649 | D:2      | Noticed Sigmund
  2067 | D:3      | Reached XP level 4. HP: 27/27 MP: 4/4
  2426 | D:2      | Identified the +1 leather armour "Ohat" {Int+3}
  2491 | D:2      | Killed Sigmund
  2492 | D:2      | Reached XP level 5. HP: 9/32 MP: 5/5
  2492 | D:2      | Reached XP level 6. HP: 10/36 MP: 6/6
  2894 | D:3      | Noticed Robin
  2909 | D:3      | Killed Robin
  3237 | D:3      | Found a bloodstained altar of Trog.
  3280 | D:3      | Reached skill level 5 in Axes
  3422 | D:3      | Found a glowing golden altar of the Shining One.
  3582 | D:5      | Entered Level 5 of the Dungeon
  3582 | D:5      | Found a staircase to the Ecumenical Temple.
  3586 | Temple   | Entered the Ecumenical Temple
  4004 | D:5      | Found a glowing drain.
  4034 | Sewer    | Entered a sewer
  4360 | Sewer    | Reached XP level 7. HP: 41/41 MP: 7/7
  5175 | D:4      | Noticed Blork the orc
  5185 | D:4      | Killed Blork the orc
  5186 | D:4      | Reached XP level 8. HP: 48/48 MP: 8/8
  5511 | D:5      | Found a stormy altar of Qazlal.
  5517 | D:5      | Noticed Pikel
  5517 | D:5      | Found a blossoming altar of Fedhas.
  5527 | D:5      | Reached skill level 1 in Staves
  5530 | D:5      | Killed Pikel
  5531 | D:5      | Reached skill level 5 in Fighting
  5543 | D:5      | Became a worshipper of Qazlal Stormbringer
  5720 | D:5      | Reached XP level 9. HP: 54/54 MP: 9/9
  5767 | D:6      | Found the +9 sword of Zonguldrok {reap}
  5849 | D:7      | Reached skill level 1 in Long Blades
  5849 | D:7      | Reached skill level 5 in Armour
  5990 | D:7      | Found a flagged portal.
  5993 | D:7      | Noticed Joseph
  6009 | D:7      | Killed Joseph
  6010 | D:7      | Reached skill level 2 in Long Blades
  6010 | D:7      | Reached skill level 1 in Stealth
  6052 | Bailey   | Entered a bailey
  6242 | D:7      | Reached skill level 3 in Long Blades
  6262 | D:7      | Noticed Duvessa
  6266 | D:7      | Noticed Dowan
  6273 | D:7      | Reached * piety under Qazlal
  6291 | D:7      | Killed Duvessa
  6292 | D:7      | Reached skill level 4 in Long Blades
  6375 | D:6      | Reached skill level 1 in Shields
  6451 | D:6      | Reached skill level 5 in Long Blades
  6466 | D:6      | Identified the ring "Oclase" {rC- rCorr Dex+6}
  6548 | D:6      | Reached ** piety under Qazlal
  7131 | D:5      | Found Zos Xuse's Antique Weapon Emporium.
  7351 | D:4      | Reached XP level 10. HP: 58/60 MP: 10/10
  7361 | D:4      | Reached skill level 6 in Long Blades
  7390 | D:4      | Reached skill level 8 in Long Blades
  7390 | D:4      | Reached skill level 5 in Dodging
  7390 | D:4      | Reached XP level 11. HP: 67/67 MP: 10/13
  7787 | D:7      | Killed Dowan
  7850 | D:7      | Found a runed translucent door.
  7851 | D:7      | Noticed Crazy Yiuf
  8104 | D:7      | Your ally Dowan died
  8113 | D:7      | Killed Crazy Yiuf
  8224 | D:8      | Found a shadowy altar of Dithmenos.
  8572 | D:8      | Reached skill level 9 in Long Blades
  9325 | D:8      | Reached *** piety under Qazlal
  9771 | D:10     | Entered Level 10 of the Dungeon
  9975 | D:9      | Found an iron altar of Okawaru.
 10076 | D:10     | Noticed a two-headed ogre
 10410 | D:10     | Reached skill level 10 in Long Blades
 10554 | D:10     | Found a glowing silver altar of Zin.
 10687 | D:10     | Upgraded the game from 0.30-a0-123-g91d0c66ccf to
                  | 0.30-a0-125-g51eefa89be
 10866 | D:10     | Killed a two-headed ogre
 11005 | D:11     | Found a gate leading to a gauntlet.
 11015 | D:11     | HP: 3/68 [orc priest/divine providence (12)]
 11111 | D:11     | Reached XP level 12. HP: 72/73 MP: 14/14
 11115 | D:11     | Found a staircase to the Lair.
 11149 | Gauntlet | Entered a Gauntlet
 11149 | Gauntlet | Found a transporter.
 11149 | Gauntlet | Found a transporter.
 11159 | Gauntlet | Found a transporter.
 11163 | Gauntlet | Found a transporter.
 11179 | Gauntlet | Found a transporter.
 11183 | Gauntlet | Found a transporter.
 11205 | Gauntlet | Found a transporter.
 11214 | Gauntlet | Found a transporter.
 11229 | Gauntlet | Found a transporter.
 11233 | Gauntlet | Found a transporter.
 11244 | Gauntlet | Found a transporter.
 11245 | Gauntlet | Found a transporter.
 11394 | Gauntlet | Identified the ring of the Duchess {rElec rF+ rN++ rCorr
                  | SInv}
 11395 | Gauntlet | Slain by an eight-headed hydra simulacrum

Illustrated notes

Levels and vault maps discovered:
D:1:      minmay_arrival_nine_rooms, layout_basic, serial_bayou_pond_a,
          minmay_close_crescents
D:2:      layout_rooms, nicolae_ecumenical_lake_church, uniq_sigmund
D:3:      corexii_shack_village, layout_basic, lightli_temple_of_fire,
          mainiacjoe_overflow_alcove_4, kennysheep_generic_room_3, uniq_robin
D:4:      minmay_octagon_keep, layout_loops_ring, grunt_ministairs_3,
          hangedman_abyss_or_decor_stagger, uniq_blork_the_orc
D:5:      layout_gridville, grunt_temple_overflow_forces_of_nature,
          temple_statues, serial_demonic, serial_demonic_d, serial_demonic_c,
          serial_demonic_f, serial_demonic_d, cheibrodos_sewer_entry_drain,
          serial_shops, kennysheep_mini, grunt_ministairs_1, uniq_pikel
D:6:      layout_gridville
D:7:      layout_loops_cross, enter_bailey_2, uniq_duvessa, uniq_joseph,
          uniq_crazy_yiuf_cottage
D:8:      layout_gridville, amcnicky_altar_gilded, minmay_misc_feat_encased,
          introduction_to_nature_2
D:9:      lemuel_ice_spiral_2, layout_basic, kennysheep_okawaru_gauntlet,
          minmay_unpleasant_kobolds
D:10:     layout_loops_ring, kennysheep_mini_moat
D:11:     layout_cross, erik_lair_orcish_takeover, gauntlet_entry_generic,
          minmay_misc_feat_ornament
Temple:   regret_index_temple_generic_petals
Gauntlet: minmay_gauntlet_77_indecision [minmay_gauntlet_arena_77_hold_the_fort,
          minmay_gauntlet_arena_77_checkered, minmay_gauntlet_arena_77_museum,
          minmay_gauntlet_arena_77_fan, minmay_gauntlet_arena_77_two_lines,
          minmay_gauntlet_arena_77_chump_sandwich, gauntlet_exit_watery]

Skill      XL: |  1  2  3  4  5  6  7  8  9 10 11 |
---------------+----------------------------------+-----
Axes           | 3 4 5 6 |  6.7
Armour         | 1 2 3 4 6 7 8 |  8.3
Throwing       | 2 |  2.2
Dodging        | 3 4 5 |  5.0
Fighting       | 3 4 5 7 8 |  8.2
Staves         | 4 |  4.2
Long Blades    | 5 8 10 | 10.9
Stealth        | 1 |  1.3
Shields        | 1 4 |  4.6
Invocations    | 3 |  3.6
Evocations     | 3 |  3.0

Action                   |  1- 3 |  4- 6 |  7- 9 | 10-12 || total
-------------------------+-------+-------+-------+-------++-------
Melee: War axe           |   108 |   206 |   141 |       ||   455
       Punch             |     1 |     1 |     5 |     2 ||     9
       Quarterstaff      |       |       |    38 |       ||    38
       Double sword      |       |       |   153 |   246 ||   399
Throw: Boomerang         |       |     3 |       |    11 ||    14
Evoke: Wand              |       |       |       |     1 ||     1
  Use: Potion            |       |     3 |       |     4 ||     7
       Scroll            |       |    11 |     5 |     9 ||    25
 Stab: Sleeping          |       |     1 |       |       ||     1
       Distracted        |       |       |     2 |     2 ||     4
Armor: Leather armour    |    56 |    84 |       |       ||   140
       Chain mail        |       |    57 |   149 |       ||   206
       Plate armour      |       |       |   215 |   244 ||   459
Dodge: Dodged            |    90 |   149 |   181 |   109 ||   529
Block: Other             |       |       |    15 |    29 ||    44
       Kite shield       |       |       |       |    58 ||    58

Table legend: (Time is in decaauts)
 A = Elapsed time spent in this place.
 B = Non-inter-level travel time spent in this place.
 C = Inter-level travel time spent in this place.
 D = Time resting spent in this place.
 E = Time spent auto-exploring this place.
 F = Levels seen in this place.
 G = Mean time per level.
                   A        B        C        D        E       F      G
               +--------+--------+--------+--------+--------+-----+--------+
         Total |  11666 |  11362 |    304 |    285 |   5475 |  15 |  777.7 |
       Dungeon |  10303 |   9999 |    304 |    285 |   5215 |  11 |  936.6 |
        Temple |    337 |    337 |      0 |      0 |     66 |   1 |  337.0 |
         Sewer |    773 |    773 |      0 |      0 |    194 |   1 |  773.0 |
        Bailey |      3 |      3 |      0 |      0 |      0 |   1 |    3.0 |
      Gauntlet |    248 |    248 |      0 |      0 |      0 |   1 |  248.0 |
               +--------+--------+--------+--------+--------+-----+--------+

Top non-repeatable levels by time:
     D:1: 1518 daAuts
     D:8: 1279 daAuts
     D:4: 1118 daAuts
     D:3: 1074 daAuts
     D:2: 1018 daAuts
     D:7: 926 daAuts
     D:6: 895 daAuts
    D:10: 809 daAuts
     D:9: 779 daAuts
   Sewer: 773 daAuts
     D:5: 767 daAuts
  Temple: 337 daAuts
Gauntlet: 248 daAuts
    D:11: 115 daAuts
  Bailey: 3 daAuts
